[Event "3rd Memorial Warakomska 2019"]
[Site "Suwalki"]
[Date "2019.08.09"]
[Round "6.10"]
[White "Tihonov, Jurij"]
[Black "Janik, Igor"]
[Result "1-0"]
[ECO "A28"]
[WhiteElo "2393"]
[BlackElo "2495"]
[Annotator "ChessBase"]
[PlyCount "109"]
[EventDate "2019.08.05"]
[EventType "swiss"]
[EventCountry "POL"]
[SourceTitle "playchess.com"]
[Source "ChessBase"]
[SourceQuality "1"]
[TimeControl "40/5400+30:1800+30"]

1. c4 e5 2. Nc3 Nf6 3. Nf3 Nc6 4. e4 d6 5. d4 Bg4 6. d5 Nd4 7. Be2 Bxf3 8. Bxf3 c5 9. dxc6 bxc6 10. Be3 c5 11. O-O Be7 12. Be2 O-O 13. Bd3 Rb8 14. Rb1 Qa5 15. Kh1 Rb7 16. Bd2 Rfb8 17. b3 Qd8 18. g3 Qd7 19. Kg2 Bd8 20. Be3 Ba5 21. Nb5 Qc6 22. f3 a6 23. Na3 h6 24. h4 Bb4 25. Nc2 Bc3 26. Bc1 Qc7 27. Rf2 Qa5 28. Ne3 Re8 29. Nf5 Rd7 30. Nxd4 cxd4 31. a3 Rb8 32. b4 Qd8 33. f4 a5 34. fxe5 dxe5 35. Qf3 Ne8 36. c5 axb4 37. Bc4 Qc7 38. axb4 Rxb4 39. Rxb4 Bxb4 40. c6 Re7 41. Qb3 Bd6 42. Bd5 Nf6 43. Rxf6 gxf6 44. Qf3 Qc8 45. Qh5 Re6 46. Bxh6 Bf8 47. Qg4+ Kh8 48. Bxe6 fxe6 49. Bxf8 Qxf8 50. Qxe6 Qd8 51. Qd7 Qa8 52. Kh3 Qa1 53. c7 Qh1+ 54. Kg4 Qxe4+ 55. Kh5 1-0

[Event "3rd Memorial Warakomska 2019"]
[Site "Suwalki"]
[Date "2019.08.09"]
[Round "6.11"]
[White "Karthik Venkataraman"]
[Black "Szpar, Milosz"]
[Result "1-0"]
[ECO "E12"]
[WhiteElo "2480"]
[BlackElo "2289"]
[Annotator "ChessBase"]
[PlyCount "155"]
[EventDate "2019.08.05"]
[EventType "swiss"]
[EventCountry "POL"]
[SourceTitle "playchess.com"]
[Source "ChessBase"]
[SourceQuality "1"]
[TimeControl "40/5400+30:1800+30"]

1. d4 Nf6 2. c4 e6 3. Nf3 b6 4. a3 Bb7 5. Nc3 d5 6. Bg5 Be7 7. Qa4+ Nbd7 8. Ne5 O-O 9. Nc6 Qe8 10. Nxe7+ Qxe7 11. e3 dxc4 12. Qxc4 c5 13. f3 cxd4 14. Qxd4 h6 15. Bh4 Nc5 16. Bxf6 Qxf6 17. Qxf6 gxf6 18. Rd1 Rfd8 19. Be2 f5 20. Kf2 Bc6 21. Rd4 Rxd4 22. exd4 Na4 23. Nxa4 Bxa4 24. Rc1 Rd8 25. Ke3 Rd6 26. Rc8+ Kg7 27. Ba6 Rc6 28. d5 Rd6 29. Rc7 Rxd5 30. Rxa7 Rc5 31. Bd3 Bb3 32. Rb7 Rc6 33. Bb5 Rd6 34. g3 Kf6 35. f4 e5 36. fxe5+ Kxe5 37. a4 h5 38. Be8 Bc4 39. Rd7 Rh6 40. Bxf7 Bxf7 41. Rxf7 h4 42. Re7+ Kd6 43. Rb7 Ke5 44. Rb8 hxg3 45. hxg3 Rg6 46. Kf3 Rg4 47. b3 Rb4 48. Re8+ Kd5 49. Re3 Rg4 50. Rd3+ Kc5 51. Re3 Kd5 52. Rc3 Re4 53. Kf2 Rg4 54. Rf3 Ke5 55. Ke2 Rd4 56. Re3+ Kf6 57. Rd3 Rb4 58. Kd2 Ke5 59. Re3+ Kd5 60. Kc3 Rg4 61. Rf3 Kd6 62. Kd2 Ke5 63. Ke2 Ke6 64. Rc3 Kd6 65. Rf3 Ke6 66. Kd2 Kd6 67. Rd3+ Kc6 68. Rf3 Kd6 69. Ke1 Ke5 70. Rd3 f4 71. gxf4+ Rxf4 72. Kd2 Ke6 73. Kc3 Rh4 74. Rd4 Rh8 75. Kc4 Rb8 76. Kb5 Ke5 77. Rd3 Ke6 78. Kc6 {[%emt 0:00:16] Kd5+} 1-0

[Event "3rd Memorial Warakomska 2019"]
[Site "Suwalki"]
[Date "2019.08.09"]
[Round "6.13"]
[White "Lewtak, Damian"]
[Black "Stupak, Kirill"]
[Result "1/2-1/2"]
[ECO "A06"]
[WhiteElo "2354"]
[BlackElo "2560"]
[Annotator "ChessBase"]
[PlyCount "24"]
[EventDate "2019.08.05"]
[EventType "swiss"]
[EventCountry "POL"]
[SourceTitle "playchess.com"]
[Source "ChessBase"]
[SourceQuality "1"]
[TimeControl "40/5400+30:1800+30"]

1. Nf3 d5 2. g3 g6 3. d4 Bg7 4. Bg2 e6 5. Nbd2 Nc6 6. c3 f5 7. Nb3 b6 8. Bf4 a5 9. Nc1 Nh6 10. Nd3 Nf7 11. h4 O-O 12. Ng5 h6 1/2-1/2

[Event "3rd Memorial Warakomska 2019"]
[Site "Suwalki"]
[Date "2019.08.09"]
[Round "6.14"]
[White "Czarnota, Pawel"]
[Black "Kowalski, Igor"]
[Result "1/2-1/2"]
[ECO "B34"]
[WhiteElo "2534"]
[BlackElo "2320"]
[Annotator "ChessBase"]
[PlyCount "34"]
[EventDate "2019.08.05"]
[EventType "swiss"]
[EventCountry "POL"]
[SourceTitle "playchess.com"]
[Source "ChessBase"]
[SourceQuality "1"]
[TimeControl "40/5400+30:1800+30"]

1. e4 c5 2. Nf3 Nc6 3. d4 cxd4 4. Nxd4 Nf6 5. Nc3 e5 6. Ndb5 d6 7. Nd5 Nxd5 8. exd5 Nb8 9. a4 Be7 10. Be2 O-O 11. O-O a6 12. Na3 f5 13. Nc4 f4 14. a5 Nd7 15. Re1 Rb8 16. b4 Rf6 17. Ra3 Rh6 1/2-1/2

[Event "3rd Memorial Warakomska 2019"]
[Site "Suwalki"]
[Date "2019.08.09"]
[Round "6.15"]
[White "Jakubowski, Krzysztof"]
[Black "Zylka, Stanislaw"]
[Result "1-0"]
[ECO "A05"]
[WhiteElo "2528"]
[BlackElo "2308"]
[Annotator "ChessBase"]
[PlyCount "131"]
[EventDate "2019.08.05"]
[EventType "swiss"]
[EventCountry "POL"]
[SourceTitle "playchess.com"]
[Source "ChessBase"]
[SourceQuality "1"]
[TimeControl "40/5400+30:1800+30"]

1. Nf3 Nf6 2. b3 g6 3. Bb2 Bg7 4. c4 O-O 5. d4 d6 6. Nc3 Nbd7 7. e3 e5 8. Be2 Re8 9. h3 c6 10. Qc2 a6 11. a4 a5 12. Ba3 exd4 13. exd4 d5 14. O-O Nf8 15. Bd3 Ne6 16. Ne2 Nh5 17. Rfe1 Nhf4 18. Nxf4 Nxf4 19. Bf1 Bf5 20. Qd2 Re4 21. Rxe4 dxe4 22. Qxf4 exf3 23. Qxf3 Qxd4 24. Rd1 Qc3 25. Qxc3 Bxc3 26. g4 Be6 27. Bc5 Re8 28. f4 f6 29. Kf2 Kf7 30. Bd3 f5 31. gxf5 gxf5 32. Be2 Rc8 33. Bb6 Ke7 34. Rd3 Bb4 35. Bd1 Rg8 36. Bc2 Bd6 37. Kf3 c5 38. Bxa5 Bd7 39. Re3+ Kf7 40. Kf2 Bxf4 41. Rf3 Bc6 42. Rxf4 Rg2+ 43. Ke3 Rxc2 44. Rxf5+ Ke6 45. Rxc5 Rb2 46. b4 Rb3+ 47. Kd4 Rxh3 48. Re5+ Kd6 49. c5+ Kd7 50. b5 Rh4+ 51. Kc3 Bg2 52. Bb4 Rh3+ 53. Kb2 h5 54. a5 h4 55. c6+ bxc6 56. b6 c5 57. Rxc5 Bc6 58. a6 Rh2+ 59. Kc3 Rh3+ 60. Kc4 Rg3 61. Rh5 h3 62. Rh7+ Ke6 63. Rh6+ Kf5 64. Rxc6 Rg4+ 65. Kb5 h2 66. Rh6 1-0

[Event "3rd Memorial Warakomska 2019"]
[Site "Suwalki"]
[Date "2019.08.09"]
[Round "6.16"]
[White "Matviishen, Viktor"]
[Black "Ashwath, R.."]
[Result "1-0"]
[ECO "C60"]
[WhiteElo "2495"]
[BlackElo "2365"]
[Annotator "ChessBase"]
[PlyCount "78"]
[EventDate "2019.08.05"]
[EventType "swiss"]
[EventCountry "POL"]
[SourceTitle "playchess.com"]
[Source "ChessBase"]
[SourceQuality "1"]
[TimeControl "40/5400+30:1800+30"]

1. e4 e5 2. Nf3 Nc6 3. Bb5 g6 4. c3 a6 5. Ba4 Bg7 6. d4 b5 7. Bb3 exd4 8. cxd4 d6 9. Ng5 Nh6 10. Bd5 Bd7 11. h3 O-O 12. Nf3 Rb8 13. Bg5 Qe8 14. O-O Kh8 15. Re1 Ng8 16. Nc3 h6 17. Bf4 Qd8 18. Rc1 g5 19. Bh2 Nce7 20. Bb3 a5 21. e5 Bf5 22. d5 dxe5 23. Nxe5 a4 24. Bc2 Bxc2 25. Rxc2 b4 26. Nxa4 Qxd5 27. Rd2 Qa5 28. Nd7 b3 29. Nxb8 bxa2 30. b4 Qxb4 31. Rxa2 Qxb8 32. Be5 f6 33. Ba1 Ng6 34. Nc5 Qb4 35. Ne6 Re8 36. Rae2 Qb7 37. Nc5 Qc6 38. Rxe8 Nh4 39. R1e4 f5 1-0

[Event "3rd Memorial Warakomska 2019"]
[Site "Suwalki"]
[Date "2019.08.09"]
[Round "6.17"]
[White "Suliborski, Jakub"]
[Black "Cukrowski, Filip"]
[Result "1/2-1/2"]
[ECO "E15"]
[WhiteElo "2131"]
[BlackElo "2421"]
[Annotator "NA"]
[PlyCount "151"]
[EventDate "2019.08.05"]
[EventType "swiss"]
[EventCountry "POL"]
[SourceTitle "playchess.com"]
[Source "ChessBase"]
[SourceQuality "1"]
[TimeControl "40/5400+30:1800+30"]

1. d4 Nf6 2. Nf3 e6 3. c4 b6 4. g3 Bb7 5. Bg2 c5 6. O-O cxd4 7. Nxd4 Bxg2 8. Kxg2 a6 9. Nc3 Qc7 10. Qd3 Nc6 11. Nxc6 Qxc6+ 12. Qf3 Rc8 13. Qxc6 Rxc6 14. Be3 Ng4 15. Nd1 Bd6 16. Rc1 Be5 17. b3 Ke7 18. h3 Nxe3+ 19. Nxe3 Rhc8 20. Rcd1 b5 21. Rd3 Bb8 22. Rfd1 R8c7 23. cxb5 axb5 24. a4 bxa4 25. bxa4 Ra6 26. Rb1 Ba7 27. Rb4 d5 28. Nf1 Bc5 29. Rh4 h6 30. Nd2 Rca7 31. Nb3 Bb6 32. Rb4 Bc7 33. a5 Bxa5 34. Nxa5 Rxa5 35. Rdb3 Rd7 36. Rb7 Ra7 37. Rxa7 Rxa7 38. e3 g5 39. Rb8 e5 40. Rb6 f6 41. Kf3 h5 42. Rb8 Ra4 43. Rb7+ Ke6 44. Rb6+ Kf5 45. Rd6 g4+ 46. hxg4+ hxg4+ 47. Ke2 Ra2+ 48. Ke1 Ra5 49. Ke2 Rb5 50. Ke1 Ke4 51. Rxf6 d4 52. exd4 Kd3 53. Kf1 exd4 54. f3 Rb1+ 55. Kf2 Rb2+ 56. Kf1 Rb1+ 57. Kf2 Rb2+ 58. Kf1 gxf3 59. Rxf3+ Kc2 60. Ke1 Rb8 61. Rf2+ Kc1 62. Rf7 Re8+ 63. Kf2 d3 64. Rc7+ Kd1 65. g4 d2 66. Rd7 Re4 67. Kf3 Rc4 68. Ke3 Rc3+ 69. Ke4 Ke2 70. Rxd2+ Kxd2 71. g5 Rc4+ 72. Kf5 Ke3 73. g6 Rc5+ 74. Kf6 Rc6+ 75. Kf7 Rxg6 76. Kxg6 1/2-1/2

[Event "3rd Memorial Warakomska 2019"]
[Site "Suwalki"]
[Date "2019.08.09"]
[Round "6.18"]
[White "Grib, Roman"]
[Black "Gurbanov, Andrei"]
[Result "1-0"]
[ECO "C64"]
[WhiteElo "2421"]
[BlackElo "2305"]
[Annotator "NA"]
[PlyCount "89"]
[EventDate "2019.08.05"]
[EventType "swiss"]
[EventCountry "POL"]
[SourceTitle "playchess.com"]
[Source "ChessBase"]
[SourceQuality "1"]
[TimeControl "40/5400+30:1800+30"]

1. e4 e5 2. Nf3 Nc6 3. Bb5 Bc5 4. c3 a6 5. Ba4 b5 6. Bb3 Qf6 7. O-O d6 8. d4 Bb6 9. Ng5 Nh6 10. f4 exd4 11. e5 Qg6 12. Qf3 dxe5 13. Bd5 Bb7 14. fxe5 O-O 15. Qf4 dxc3+ 16. Kh1 cxb2 17. Bxb2 Na5 18. Bxb7 Nxb7 19. Nd2 Nc5 20. Nde4 Nd3 21. Qg3 Nxb2 22. Nf6+ Kh8 23. Nfxh7 Nc4 24. Nxf8 Rxf8 25. Nxf7+ Qxf7 26. Rxf7 Rxf7 27. e6 Re7 28. Rd1 Rxe6 29. Rd8+ Kh7 30. Qd3+ Rg6 31. h4 Ng4 32. Rf8 Nce5 33. Qc2 Nd7 34. Rf7 Ndf6 35. Rxf6 Nxf6 36. g4 Kh6 37. g5+ Kh5 38. gxf6 Rxf6 39. Qh7+ Rh6 40. Qxg7 Rg6 41. Qh7+ Rh6 42. Qf5+ Kxh4 43. Kg2 Rd6 44. Kf3 Rd4 45. Qg6 1-0

[Event "3rd Memorial Warakomska 2019"]
[Site "Suwalki"]
[Date "2019.08.09"]
[Round "6.19"]
[White "Barski, Radoslaw"]
[Black "Budrewicz, Krzysztof"]
[Result "1-0"]
[ECO "B80"]
[WhiteElo "2468"]
[BlackElo "2188"]
[Annotator "ChessBase"]
[PlyCount "75"]
[EventDate "2019.08.05"]
[EventType "swiss"]
[EventCountry "POL"]
[SourceTitle "playchess.com"]
[Source "ChessBase"]
[SourceQuality "1"]
[TimeControl "40/5400+30:1800+30"]

1. e4 c5 2. Nf3 e6 3. d4 cxd4 4. Nxd4 Nf6 5. Nc3 d6 6. Be3 a6 7. f3 b5 8. Qd2 Nbd7 9. g4 Nb6 10. g5 Nfd7 11. a4 Nc4 12. Bxc4 bxc4 13. a5 Bb7 14. O-O Be7 15. Nde2 O-O 16. f4 Qc7 17. Ng3 Rfe8 18. Qf2 Bf8 19. Bd4 Rab8 20. h4 g6 21. h5 Bg7 22. Bxg7 Kxg7 23. Rad1 Kg8 24. Rd4 Rbd8 25. h6 f6 26. Rfd1 fxg5 27. Rxd6 Nf6 28. Rxd8 Rxd8 29. Rxd8+ Qxd8 30. fxg5 Ng4 31. Qf4 Qd4+ 32. Kg2 Ne5 33. Qf6 Nc6 34. Qxe6+ Kf8 35. Nge2 Qd8 36. Qd5 Qe7 37. Nf4 Nd8 38. Qxd8+ 1-0

[Event "3rd Memorial Warakomska 2019"]
[Site "Suwalki"]
[Date "2019.08.09"]
[Round "6.20"]
[White "Molenda, Marcin"]
[Black "Czopor, Maciej"]
[Result "1-0"]
[ECO "A00"]
[WhiteElo "2387"]
[BlackElo "2250"]
[Annotator "NA"]
[PlyCount "97"]
[EventDate "2019.08.05"]
[EventType "swiss"]
[EventCountry "POL"]
[SourceTitle "playchess.com"]
[Source "ChessBase"]
[SourceQuality "1"]
[TimeControl "40/5400+30:1800+30"]

1. g3 Nf6 2. Bg2 e5 3. c4 d5 4. cxd5 Nxd5 5. Nc3 Nb6 6. Nf3 Nc6 7. O-O Be7 8. a3 O-O 9. b4 Re8 10. d3 Bf8 11. Bb2 Bg4 12. Ne4 a5 13. b5 Nd4 14. Nxd4 exd4 15. h3 Bh5 16. g4 Bg6 17. Ng3 Nd5 18. Qd2 Qd6 19. Bxd4 Nf4 20. Qb2 Nxg2 21. Kxg2 Rad8 22. Bc3 h5 23. f3 h4 24. Nh1 Qf4 25. Rf2 Bc5 26. Bxg7 Bxf2 27. Nxf2 f5 28. Kf1 Rd7 29. Bc3 Rde7 30. Re1 a4 31. Bd2 Qe5 32. Qb4 Kh7 33. Bg5 Rf7 34. Bxh4 fxg4 35. hxg4 Qh2 36. Bg5 Bxd3 37. exd3 Rxf3 38. Re7+ Rxe7 39. Qxe7+ Kg8 40. Qe6+ Kg7 41. Be3 Rf7 42. g5 Qh1+ 43. Ke2 Qf3+ 44. Kd2 Qf5 45. Qh6+ Kg8 46. Ne4 Rg7 47. Nf6+ Kf7 48. Qh5+ Qg6 49. Qf3 1-0

[Event "3rd Memorial Warakomska 2019"]
[Site "Suwalki"]
[Date "2019.08.09"]
[Round "6.22"]
[White "Punin, Andrii"]
[Black "Jaroch, Karol"]
[Result "1/2-1/2"]
[ECO "C15"]
[WhiteElo "2305"]
[BlackElo "2221"]
[Annotator "NA"]
[PlyCount "120"]
[EventDate "2019.08.05"]
[EventType "swiss"]
[EventCountry "POL"]
[SourceTitle "playchess.com"]
[Source "ChessBase"]
[SourceQuality "1"]
[TimeControl "40/5400+30:1800+30"]

1. e4 e6 2. d4 d5 3. Nc3 Bb4 4. Nge2 Nf6 5. e5 Nfd7 6. Qd3 Be7 7. Qg3 g6 8. h4 c5 9. h5 g5 10. Be3 Nc6 11. O-O-O Qa5 12. dxc5 Ncxe5 13. Nd4 a6 14. h6 Bxc5 15. Qxg5 Be7 16. Qh5 Ng6 17. f4 Nf6 18. Qf3 Bd7 19. g4 Rc8 20. Nb3 Qc7 21. Bd3 e5 22. fxe5 Nxe5 23. Qg2 Bxg4 24. Be2 Rg8 25. Qf1 Ne4 26. Bxg4 Rxg4 27. Bd4 Ng3 28. Qh3 Ne2+ 29. Kb1 Nxd4 30. Rxd4 Rxd4 31. Nxd4 Qd7 32. Nf5 Kf8 33. Rg1 Bf6 34. Qf1 Rxc3 35. bxc3 Nc4 36. Qf4 Qb5+ 37. Kc1 Qb2+ 38. Kd1 Qb1+ 39. Ke2 Qxc2+ 40. Kf3 Qxc3+ 41. Kg2 Be5 42. Qh4 Qc2+ 43. Kh1 Qe4+ 44. Qxe4 dxe4 45. Rd1 Ke8 46. Kg2 b5 47. Kh3 b4 48. Re1 Nd2 49. Re2 Bc3 50. Nd6+ Kd7 51. Nxe4 Nxe4 52. Rxe4 a5 53. Kg4 a4 54. Rf4 Ke6 55. a3 f6 56. Rc4 Kd5 57. Rc7 b3 58. Rxc3 b2 59. Rd3+ Kc4 60. Rd1 Kb3 1/2-1/2

[Event "3rd Memorial Warakomska 2019"]
[Site "Suwalki"]
[Date "2019.08.09"]
[Round "6.23"]
[White "Kukula, Pawel"]
[Black "Licznerski, Lukasz"]
[Result "0-1"]
[ECO "D85"]
[WhiteElo "2209"]
[BlackElo "2328"]
[Annotator "NA"]
[PlyCount "166"]
[EventDate "2019.08.05"]
[EventType "swiss"]
[EventCountry "POL"]
[SourceTitle "playchess.com"]
[Source "ChessBase"]
[SourceQuality "1"]
[TimeControl "40/5400+30:1800+30"]

1. d4 Nf6 2. c4 g6 3. Nc3 d5 4. cxd5 Nxd5 5. Bd2 Nb6 6. e3 Bg7 7. f4 O-O 8. Nf3 c5 9. dxc5 N6d7 10. Ne4 Bxb2 11. Rb1 Bg7 12. Bc4 Nc6 13. O-O Qc7 14. Nfg5 Nf6 15. Nxf7 Rxf7 16. Bxf7+ Kxf7 17. Qb3+ e6 18. Ng5+ Ke7 19. e4 h6 20. e5 hxg5 21. exf6+ Bxf6 22. fxg5 Bd4+ 23. Kh1 Bd7 24. Bf4 e5 25. Qf7+ Kxf7 26. Bxe5+ Bf5 27. Bxc7 Ke6 28. Rxb7 Kd5 29. Bd6 Re8 30. Rf7 Bd3 31. Rd1 Re2 32. Rf3 Be4 33. Rg3 Rxa2 34. h4 Ne5 35. Be7 Rf2 36. Bf6 Rf4 37. Rh3 Rf2 38. Rg3 Rf4 39. Rh3 Rg4 40. Rd2 Kxc5 41. h5 gxh5 42. Rxh5 Bd5 43. Kh2 Be3 44. Rc2+ Kd6 45. Rh6 Bf4+ 46. Kg1 Nf7 47. Rh3 Nxg5 48. Bxg5 Bxg5 49. Ra3 Bd8 50. Kh2 a5 51. Rc8 Rxg2+ 52. Kh3 Bb6 53. Rb8 Kc7 54. Rf8 Rg6 55. Kh4 Kc6 56. Rf1 Kc5 57. Rb1 Bc4 58. Re3 a4 59. Re5+ Kd4 60. Re8 a3 61. Ra8 a2 62. Rb2 Kc3 63. Rbxa2 Bxa2 64. Rxa2 Kd3 65. Ra4 Be3 66. Rg4 Rh6+ 67. Kg3 Ke2 68. Kg2 Ra6 69. Re4 Rg6+ 70. Kh3 Kf3 71. Ra4 Rb6 72. Rg4 Rh6+ 73. Rh4 Rg6 74. Ra4 Rg1 75. Ra2 Rb1 76. Rg2 Rh1+ 77. Rh2 Rg1 78. Ra2 Rg3+ 79. Kh4 Rg4+ 80. Kh5 Rg5+ 81. Kh4 Rc5 82. Ra3 Rb5 83. Rd3 Rb1 0-1

[Event "3rd Memorial Warakomska 2019"]
[Site "Suwalki"]
[Date "2019.08.09"]
[Round "6.24"]
[White "Sanz Wawer, Daniel"]
[Black "Kulon, Klaudia"]
[Result "1/2-1/2"]
[ECO "B51"]
[WhiteElo "2154"]
[BlackElo "2331"]
[Annotator "NA"]
[PlyCount "87"]
[EventDate "2019.08.05"]
[EventType "swiss"]
[EventCountry "POL"]
[SourceTitle "playchess.com"]
[Source "ChessBase"]
[SourceQuality "1"]
[TimeControl "40/5400+30:1800+30"]

1. e4 c5 2. Nf3 d6 3. Bb5+ Nd7 4. d4 cxd4 5. Qxd4 a6 6. Bxd7+ Bxd7 7. Nc3 e5 8. Qd3 Rc8 9. O-O Be6 10. Nd5 Bxd5 11. Qxd5 Qc7 12. Re1 Nf6 13. Qb3 h6 14. c3 g6 15. Qa4+ Nd7 16. Be3 Bg7 17. Rad1 O-O 18. Qa3 Rfd8 19. Qxd6 Qa5 20. Qb4 Qxa2 21. Ra1 Qc4 22. Qxb7 Nb8 23. Red1 Nc6 24. Rxd8+ Rxd8 25. Nd2 Qb5 26. Qxb5 axb5 27. Ra6 Rc8 28. b4 Bf8 29. Rb6 Nd8 30. Rxb5 Rxc3 31. Rxe5 Ne6 32. b5 Rc1+ 33. Nf1 Rb1 34. b6 Bd6 35. Rd5 Bf4 36. Bxf4 Nxf4 37. Rd8+ Kg7 38. g3 Ne6 39. Rd3 Rxb6 40. f3 Rb2 41. Rd2 Rb3 42. Kg2 g5 43. Rf2 Nc5 44. Re2 1/2-1/2

[Event "3rd Memorial Warakomska 2019"]
[Site "Suwalki"]
[Date "2019.08.09"]
[Round "6.25"]
[White "Wiewiora, Eneasz"]
[Black "Sharankov, Grigory"]
[Result "0-1"]
[ECO "C00"]
[WhiteElo "2344"]
[BlackElo "2221"]
[Annotator "NA"]
[PlyCount "108"]
[EventDate "2019.08.05"]
[EventType "swiss"]
[EventCountry "POL"]
[SourceTitle "playchess.com"]
[Source "ChessBase"]
[SourceQuality "1"]
[TimeControl "40/5400+30:1800+30"]

1. e4 e6 2. d4 d5 3. Bd3 c5 4. exd5 exd5 5. Nf3 c4 6. Be2 Bd6 7. O-O Ne7 8. b3 cxb3 9. axb3 Nbc6 10. Re1 O-O 11. c3 h6 12. Nbd2 Be6 13. Nf1 Rc8 14. Ng3 Nf5 15. Nh5 a6 16. Bd2 g6 17. Nf4 Qf6 18. Nd3 Rfe8 19. Nfe5 Qg7 20. Nxc6 Rxc6 21. Bf3 Rcc8 22. g3 h5 23. b4 Qf6 24. Bg2 Ng7 25. Qb3 Qf5 26. Nc5 Rc7 27. Re3 h4 28. Rae1 Rce7 29. Re5 Bc8 30. Rxe7 Rxe7 31. Qxd5 Rxe1+ 32. Bxe1 Qb1 33. Qe4 Qa1 34. Qe2 b6 35. Ne4 Be7 36. d5 a5 37. d6 Bd8 38. bxa5 bxa5 39. Bf1 Ne6 40. Qd2 Bb7 41. f3 Bxe4 42. fxe4 Ng5 43. Bg2 h3 44. Bh1 a4 45. e5 Qb1 46. g4 a3 47. Bd5 Nf3+ 48. Bxf3 a2 49. e6 a1=Q 50. exf7+ Kxf7 51. Bd5+ Kg7 52. Kf1 Bh4 53. Qd4+ Bf6 54. Qe3 Qxc3 0-1

[Event "3rd Memorial Warakomska 2019"]
[Site "Suwalki"]
[Date "2019.08.09"]
[Round "6.26"]
[White "Efroimski, Marsel"]
[Black "Dzhuguryan, Tygran"]
[Result "1-0"]
[ECO "B17"]
[WhiteElo "2318"]
[BlackElo "2230"]
[Annotator "NA"]
[PlyCount "59"]
[EventDate "2019.08.05"]
[EventType "swiss"]
[EventCountry "POL"]
[SourceTitle "playchess.com"]
[Source "ChessBase"]
[SourceQuality "1"]
[TimeControl "40/5400+30:1800+30"]

1. e4 c6 2. d4 d5 3. Nd2 dxe4 4. Nxe4 Nd7 5. Bc4 Ngf6 6. Ng5 e6 7. Qe2 Nb6 8. Bd3 h6 9. N5f3 c5 10. dxc5 Bxc5 11. Ne5 O-O 12. Ngf3 Nbd5 13. a3 Nd7 14. Bd2 Nxe5 15. Nxe5 Qe7 16. O-O-O Rd8 17. Kb1 Bd7 18. g4 Bc6 19. h4 Bd4 20. g5 Bxe5 21. Qxe5 h5 22. g6 Nf6 23. Rhg1 Rd5 24. Qg3 Rad8 25. Rde1 Rd4 26. Bb4 Qd7 27. Qg5 Rg4 28. Rxg4 hxg4 29. Bc3 Nd5 30. gxf7+ 1-0

[Event "3rd Memorial Warakomska 2019"]
[Site "Suwalki"]
[Date "2019.08.09"]
[Round "6.27"]
[White "Pniaczek, Marek"]
[Black "Fiedorek, Michal"]
[Result "1-0"]
[ECO "E68"]
[WhiteElo "2276"]
[BlackElo "2241"]
[Annotator "NA"]
[PlyCount "71"]
[EventDate "2019.08.05"]
[EventType "swiss"]
[EventCountry "POL"]
[SourceTitle "playchess.com"]
[Source "ChessBase"]
[SourceQuality "1"]
[TimeControl "40/5400+30:1800+30"]

1. d4 Nf6 2. Nf3 g6 3. c4 Bg7 4. g3 O-O 5. Bg2 d6 6. O-O Nbd7 7. Nc3 e5 8. e4 exd4 9. Nxd4 Re8 10. Re1 Nc5 11. h3 Bd7 12. Bf4 h6 13. Qc2 Ne6 14. Nxe6 Bxe6 15. b3 Nh5 16. Be3 c6 17. Rad1 Qa5 18. Bd4 Rad8 19. Bxg7 Kxg7 20. Rd4 Re7 21. Red1 Red7 22. Qb2 Kh7 23. Ne2 g5 24. Qc2 Qe5 25. Qd2 f5 26. exf5 Bf7 27. Re4 Qc5 28. b4 Qb6 29. h4 Nf6 30. hxg5 Nxe4 31. g6+ Kg7 32. Bxe4 Bxc4 33. Qc3+ Kf8 34. Qxc4 d5 35. Qc3 dxe4 36. Qh8+ 1-0

[Event "3rd Memorial Warakomska 2019"]
[Site "Suwalki"]
[Date "2019.08.09"]
[Round "6.28"]
[White "Walter, Szymon"]
[Black "Bachor, Tomasz"]
[Result "1-0"]
[ECO "D01"]
[WhiteElo "2314"]
[BlackElo "2022"]
[Annotator "NA"]
[PlyCount "99"]
[EventDate "2019.08.05"]
[EventType "swiss"]
[EventCountry "POL"]
[SourceTitle "playchess.com"]
[Source "ChessBase"]
[SourceQuality "1"]
[TimeControl "40/5400+30:1800+30"]

1. d4 Nf6 2. Nc3 d5 3. Bg5 Bf5 4. f3 Nbd7 5. Qd2 h6 6. Bh4 c6 7. O-O-O g5 8. Bf2 e6 9. g4 Bh7 10. h4 Bb4 11. a3 Ba5 12. hxg5 hxg5 13. Be1 Rg8 14. e3 b5 15. Bd3 Bxd3 16. Qxd3 Bc7 17. e4 Nb6 18. e5 Nfd7 19. f4 Nf8 20. f5 Qd7 21. Nf3 Nc4 22. b3 Nb6 23. Rh5 exf5 24. gxf5 g4 25. Ng5 Qe7 26. Bh4 Qxa3+ 27. Kd2 Qb4 28. Re1 O-O-O 29. Nxf7 Re8 30. Kd1 a5 31. Rh6 Kb7 32. Na2 Qa3 33. Qc3 Ne6 34. fxe6 Qxa2 35. Nd6+ Bxd6 36. exd6 b4 37. Rh7+ Ka6 38. Qd3+ Nc4 39. bxc4 dxc4 40. Qe4 Qa1+ 41. Ke2 Rxe6 42. Qxe6 Qc3 43. Qxg8 Qf3+ 44. Kd2 Qc3+ 45. Kd1 Qxd4+ 46. Ke2 Qe4+ 47. Kf2 g3+ 48. Bxg3 Qf5+ 49. Kg1 Qc5+ 50. Bf2 1-0

[Event "3rd Memorial Warakomska 2019"]
[Site "Suwalki"]
[Date "2019.08.09"]
[Round "6.29"]
[White "Klimkowski, Jan"]
[Black "Reza, Wojciech"]
[Result "1/2-1/2"]
[ECO "C95"]
[WhiteElo "1985"]
[BlackElo "2261"]
[Annotator "NA"]
[PlyCount "124"]
[EventDate "2019.08.05"]
[EventType "swiss"]
[EventCountry "POL"]
[SourceTitle "playchess.com"]
[Source "ChessBase"]
[SourceQuality "1"]
[TimeControl "40/5400+30:1800+30"]

1. e4 e5 2. Nf3 Nc6 3. Bb5 a6 4. Ba4 Nf6 5. O-O Be7 6. Re1 b5 7. Bb3 d6 8. c3 O-O 9. h3 Nb8 10. d4 Nbd7 11. Nbd2 Bb7 12. Bc2 Re8 13. Nf1 Bf8 14. Ng3 g6 15. Be3 exd4 16. Bxd4 c5 17. Bxf6 Nxf6 18. Qd2 d5 19. e5 Nd7 20. Qf4 Qe7 21. Re2 Bg7 22. Rae1 Nf8 23. h4 Ne6 24. Qc1 Rad8 25. Rd1 Qf8 26. a3 a5 27. Ree1 Bh6 28. Ng5 f6 29. exf6 Qxf6 30. Qe3 Bxg5 31. hxg5 Qxg5 32. Qxg5 Nxg5 33. f4 Nf7 34. b4 cxb4 35. cxb4 Nd6 36. Rxe8+ Rxe8 37. Bb3 Re3 38. Bxd5+ Bxd5 39. Rxd5 Rxg3 40. Rxd6 Rxa3 41. bxa5 Rxa5 42. Rd7 Ra2 43. Rb7 Rb2 44. Kh2 Rb3 45. g3 Rb1 46. Kh3 Rh1+ 47. Kg2 Rh5 48. Kf3 Rc5 49. Ke4 h5 50. Kd4 Rf5 51. Ke4 Kf8 52. Ke3 Kg8 53. Ke4 Kh8 54. Ke3 Rc5 55. Kd4 Rf5 56. Ke4 Kg8 57. Ke3 g5 58. Ke4 Rc5 59. Kd4 Rf5 60. Ke4 Rc5 61. Kd4 Rc4+ 62. Kd3 gxf4 {[%emt 0:00:30] Ke4} 1/2-1/2

[Event "3rd Memorial Warakomska 2019"]
[Site "Suwalki"]
[Date "2019.08.09"]
[Round "6.30"]
[White "Sowul, Bartosz"]
[Black "Paszewski, Mateusz"]
[Result "1/2-1/2"]
[ECO "A06"]
[WhiteElo "2210"]
[BlackElo "2324"]
[Annotator "NA"]
[PlyCount "54"]
[EventDate "2019.08.05"]
[EventType "swiss"]
[EventCountry "POL"]
[SourceTitle "playchess.com"]
[Source "ChessBase"]
[SourceQuality "1"]
[TimeControl "40/5400+30:1800+30"]

1. Nf3 d5 2. c4 c6 3. g3 Bg4 4. Bg2 e6 5. Qb3 Qb6 6. Qc2 Nd7 7. b3 Ngf6 8. O-O Be7 9. Bb2 O-O 10. d3 a5 11. Nbd2 Rfd8 12. Rfe1 a4 13. Rec1 Ne8 14. e4 dxe4 15. Nxe4 axb3 16. axb3 Bxf3 17. Bxf3 Rxa1 18. Rxa1 Nc5 19. Nxc5 Bxc5 20. Ra2 Nd6 21. g4 Ne8 22. Be5 Bd4 23. Bg3 e5 24. Ra4 Nc7 25. b4 Ne6 26. Qe2 Qc7 27. Ra5 Kf8 1/2-1/2